 Dungeon Crawl Stone Soup version 0.28.0-43-g3370ac3207 (webtiles) character file.

Game seed: 9911962231575230412

40 croobank the Skirmisher (level 3, -9/29 HPs)
             Began as a Demonspawn Abyssal Knight on Mar 4, 2022.
             Was a Follower of Lugonu.
             Mangled by a hobgoblin
             ... wielding the +8 whip "Xebun" {vorpal, rF+ rN+ Will+}
              (11 damage)
             ... on level 2 of the Dungeon.
             The game lasted 00:03:45 (1694 turns).

croobank the Skirmisher (Demonspawn Abyssal Knight) Turns: 1694, Time: 00:04:00

Health: -9/29      AC:  3    Str: 15    XL:     3   Next: 30%
Magic:  5/5        EV: 11    Int: 11    God:    Lugonu [*.....]
Gold:   93         SH:  0    Dex: 15    Spells: 2/2 levels left

rFire   . . .      SeeInvis .   a - +1 hand axe
rCold   . . .      Faith    .   (no shield)
rNeg    . . .      Spirit   .   b - +0 leather armour
rPois   .          Reflect  .   (no helmet)
rElec   .          Harm     .   (no cloak)
rCorr   .          Rampage  .   (no gloves)
Will    .....                   (no boots)
Stlth   ++........              (no amulet)
HPRegen 0.09/turn               (no ring)
MPRegen 0.09/turn               (no ring)

@: no status effects
A: thin skeletal structure 1
a: Renounce Religion, Depart the Abyss


You were on level 2 of the Dungeon.
You worshipped Lugonu.
Lugonu was aware of your devotion.
You visited 1 branch of the dungeon, and saw 2 of its levels.
You visited the Abyss 1 time.

You collected 93 gold pieces.

Inventory:

Hand Weapons
 a - a +1 hand axe (weapon)
Missiles
 g - 2 javelins (quivered)
Armour
 b - a +0 leather armour (worn)
Scrolls
 c - a scroll of fog {unknown}
 e - a scroll of fear {unknown}
 h - a scroll of magic mapping {unknown}
Potions
 d - 2 potions of heal wounds {unknown}
 f - a potion of lignification {unknown}


   Skills:
 + Level 3.2 Fighting
 + Level 2.2 Axes
 + Level 2.2 Armour
 + Level 1.4 Dodging
 + Level 3.0 Invocations


You had 2 spell levels left.
You didn't know any spells.
Your spell library was empty.

Dungeon Overview and Level Annotations

Branches:
Dungeon (2/15)

Altars:


Innate Abilities, Weirdness & Mutations

You have a somewhat thin skeletal structure. (Dex +2, Stealth+)


Message History

A ball python comes into view.
The ball python barely misses you. The ball python grabs you.
The ball python constricts you.
You closely miss the ball python.
The ball python bites you but does no damage.
The ball python constricts you.
You hit the ball python.
The ball python is moderately wounded.
The ball python bites you but does no damage.
The ball python constricts you.
You hit the ball python.
The ball python is severely wounded.
The ball python bites you. The ball python constricts you.
The ball python bites you. The ball python constricts you.
You barely miss the ball python.
The ball python is severely wounded.
The ball python bites you. The ball python constricts you.
You hit the ball python.
You kill the ball python!
Lugonu accepts your kill.
A hobgoblin comes into view.
It is wielding the +8 whip "Xebun" {vorpal, rF+ rN+ Will+}.
The hobgoblin shouts!
You hear an angry hiss.
The hobgoblin closely misses you.
You hit the hobgoblin but do no damage.
The hobgoblin hits you with the +8 whip "Xebun" {vorpal, rF+ rN+ Will+}!
The hobgoblin barely misses you.
You closely miss the hobgoblin. The hobgoblin barely misses you.
You hit the hobgoblin but do no damage.
A quokka comes into view.
The hobgoblin hits you with the +8 whip "Xebun" {vorpal, rF+ rN+ Will+}.
You closely miss the hobgoblin. The hobgoblin misses you.
You hit the hobgoblin but do no damage.
The hobgoblin hits you but does no damage.
You closely miss the hobgoblin.
You hear an angry hiss.
The hobgoblin hits you with the +8 whip "Xebun" {vorpal, rF+ rN+ Will+}.
* * * LOW HITPOINT WARNING * * *
x2 A frilled lizard comes into view.
The hobgoblin hits you with the +8 whip "Xebun" {vorpal, rF+ rN+ Will+}!
You die...

##..... .# #.####.##
####.#J..#####.......#
.................##..#
...............####..#
............#..#.##..#
............#..#.##..###
###......#..#..#.......#
........
.....lg..........#
.......
....#..#@##..#.####
#.#.. ... #..#.##..#.#
..... #..#†##..#.# .....
#.##..# #..## #.##..#
...# ....... .... #.#
.... ... .... ..#


You could see a hobgoblin and a frilled lizard.

Vanquished Creatures
  An adder (D:2)
  A dart slug (D:1)
  8 endoplasms
  A goblin (D:1)
  A hobgoblin (D:1)
  3 kobolds
  A quokka (D:2)
  3 ball pythons
  3 bats (D:1)
  2 frilled lizards
  4 rats
28 creatures vanquished.

Notes
Turn   | Place    | Note
-------+----------+-------------------------------------------
     0 | Abyss:1  | croobank the Demonspawn Abyssal Knight began the quest for
                  | the Orb.
     0 | Abyss:1  | Reached XP level 1. HP: 18/18 MP: 2/2
    58 | Abyss:1  | Noticed a starcursed mass
    59 | D:1      | Escaped the Abyss
    72 | D:1      | Reached skill level 1 in Dodging
   250 | D:1      | Gained mutation: You have a somewhat thin skeletal
                  | structure. (Dex +2, Stealth+) [demonic ancestry]
   250 | D:1      | Reached XP level 2. HP: 24/24 MP: 4/4
   445 | D:1      | Reached * piety under Lugonu
  1201 | D:2      | Reached XP level 3. HP: 29/29 MP: 5/5
  1687 | D:2      | Identified the +8 whip "Xebun" {vorpal, rF+ rN+ Will+}
  1694 | D:2      | Mangled by a hobgoblin

Illustrated notes

Levels and vault maps discovered:
D:1:      lightli_arrival_chessboard, layout_loops_ring
D:2:      layout_basic, basic_altar, ebering_ecumenical_altar_abandoned

Skill      XL: |  1  2  3 |
---------------+----------+-----
Dodging        | 1 |  1.4
Axes           | 2 |  2.2
Armour         | 2 |  2.2
Invocations    | 3 |  3.0
Fighting       | |  3.2

Action                   || total
-------------------------++-------
Melee: Hand axe          ||    84
       Punch             ||     2
Invok: Depart the Abyss  ||     1
 Stab: Sleeping          ||     2
       Distracted        ||     1
Armor: Leather armour    ||    17
Dodge: Dodged            ||    44
